 Dungeon Crawl Stone Soup version 0.27.1-1-g398f81649c (webtiles) character file.

Game seed: 188390177721809946

91 Rickety the Sneak (level 4, -2/21 HPs)
             Began as a Spriggan Enchanter on Sept 21, 2021.
             Slain by Terence (9 damage)
             ... on level 2 of the Dungeon.
             The game lasted 00:07:41 (3644 turns).

Rickety the Sneak (Spriggan Enchanter)              Turns: 3644, Time: 00:07:41

Health: -2/21      AC:  2    Str:  4    XL:     4   Next: 33%
Magic:  4/10       EV: 17    Int: 16    God:
Gold:   57         SH:  0    Dex: 16    Spells: 1/10 levels left

rFire    + . .     SeeInvis +   a - +1 dagger
rCold    . . .     Faith    .   (shield restricted)
rNeg     + . .     Spirit   .   b - +0 robe
rPois    .         Reflect  .   (helmet restricted)
rElec    .         Harm     .   (no cloak)
rCorr    .         Rampage  .   (gloves unavailable)
Will     .....                  (boots unavailable)
Stlth    +++.......             (no amulet)
HPRegen  0.07/turn              e - ring of positive energy
MPRegen  0.12/turn              g - ring of protection from fire

@: confusing by touch, very quick
A: very small, no large weapons, unfitting armour, see invisible, speed 3
a: no special abilities


You were on level 2 of the Dungeon.
You visited 1 branch of the dungeon, and saw 3 of its levels.

You collected 57 gold pieces.

Inventory:

Hand Weapons
 a - a +1 dagger (weapon)
Armour
 b - a +0 robe (worn)
Jewellery
 e - a ring of positive energy (left hand)
 g - a ring of protection from fire (right hand)
Scrolls
 d - 3 scrolls of identify {unknown}
 f - a scroll of teleportation {unknown}
 h - a scroll of blinking {unknown}
Potions
 c - a potion of attraction {unknown}


   Skills:
 + Level 0.1 Fighting
 + Level 1.4 Short Blades
 + Level 2.9 Dodging
 * Level 6.2 Stealth
 + Level 3.9 Spellcasting
 + Level 4.0 Hexes


You had one spell level left.
You knew the following spells:

 Your Spells              Type           Power      Damage    Failure   Level
a - Corona                Hex            17%        N/A       3%          1
b - Ensorcelled Hibernat  Hex/Ice        18%        N/A       11%         2
c - Confusing Touch       Hex            16%        N/A       10%         3
t - Tukima's Dance        Hex            16%        N/A       10%         3

Your spell library contained the following spells:

 Spells                   Type           Power      Damage    Failure   Level
 Dazzling Flash           Conj/Hex       18%        N/A       22%         3


Dungeon Overview and Level Annotations

Branches:
Dungeon (3/15)

Altars:

Annotations:
D:2 Sigmund, Terence


Innate Abilities, Weirdness & Mutations

You are very small and have problems with some larger weapons.
You are too small for most types of armour.
You have supernaturally acute eyesight. (SInv)
You cover ground extremely quickly. (Speed+++)


Message History

Things that are here:
a +0 club; 2 stones
There is a stone staircase leading down here.
You see here a +0 dagger.
You start resting.
Magic restored.
Casting: Ensorcelled Hibernation (safe; 11% risk of failure)
Confirm with . or Enter, or press ? or * to list all spells.
The spell is extremely dangerous to cast (10% risk of failure)!
Continue anyway?
Your hands begin to glow red.
You climb downwards.
Level annotation: Sigmund, Terence Terence hits you with a +0 hand axe.
Terence hits you with a +0 hand axe!
There is a stone staircase leading up here.
You hit Terence but do no damage.
Terence appears confused.
Terence misses you.
You hit Terence but do no damage. You hit Terence but do no damage.
You hit Terence but do no damage. Terence barely misses you.
You barely miss Terence. Terence barely misses you.
You hit Terence but do no damage. You hit Terence but do no damage.
You hit Terence but do no damage.
Terence screams, "I'll kill you anyway!"
Terence gestures wildly.
You hit Terence but do no damage. You hit Terence but do no damage.
Terence seems less confused.
You hit Terence but do no damage. Terence hits you but does no damage.
Casting: Confusing Touch (extremely dangerous; 10% risk of failure)
Confirm with . or Enter, or press ? or * to list all spells.
Aiming: Ensorcelled Hibernation (safe; 11% risk of failure)
Press: ? - help, Shift-Dir - straight line, f - Terence
Aim: Terence, wielding a +0 hand axe and wearing a +0 scale mail (chance to affect: 50%) Terence resists with some effort.
Terence closely misses you.
Casting: Ensorcelled Hibernation (safe; 11% risk of failure)
Confirm with . or Enter, or press ? or * to list all spells.
The spell is extremely dangerous to cast (10% risk of failure)!
Continue anyway?
Your hands begin to glow red.
Terence hits you with a +0 hand axe!
You hit Terence but do no damage. Terence misses you.
You hit Terence but do no damage. Terence hits you with a +0 hand axe!
You die...

# #.# #.........# #.# # #.#
######.#.## ###.### ### ###.##
###.# #...... ..# #....# ##'##
#....## ..# #.#..# ##...##
##.....# ..# #.#..###
##.<...###....... #.# #.#..#.##
##.......##.......
#.###.#.....####.........#)......
...............'@........'.......
..###.......####.@.......###....#
### #.......# ##.......## ......
#.......# ##.....## #.###.#
##.....## ##...## #. .# ##...##
##'## . ##.## #.# #)# #.#
###o#### ######.##


You could see Terence.

Vanquished Creatures
  3 gnolls (D:2)
  A worm (D:2)
  5 orcs
  7 endoplasms (D:1)
  6 giant cockroaches (D:1)
  5 goblins
  A hobgoblin (D:1)
  3 quokkas
  2 ball pythons (D:1)
  3 bats
  4 frilled lizards
  8 kobolds
  2 rats
50 creatures vanquished.

Notes
Turn   | Place    | Note
-------+----------+-------------------------------------------
     0 | D:1      | Rickety the Spriggan Enchanter began the quest for the Orb.
     0 | D:1      | Reached XP level 1. HP: 9/9 MP: 5/5
   161 | D:1      | Reached XP level 2. HP: 7/13 MP: 4/7
   201 | D:1      | Learned a level 2 spell: Ensorcelled Hibernation
   389 | D:1      | Reached skill level 5 in Stealth
  1102 | D:1      | Reached XP level 3. HP: 16/16 MP: 8/8
  1106 | D:1      | Learned a level 3 spell: Confusing Touch
  2069 | D:2      | Noticed Sigmund
  2074 | D:2      | Noticed Terence
  2599 | D:2      | Reached skill level 6 in Stealth
  2918 | D:2      | Reached XP level 4. HP: 21/21 MP: 10/10
  2922 | D:2      | Learned a level 3 spell: Tukima's Dance
  3644 | D:2      | Slain by Terence

Illustrated notes

Levels and vault maps discovered:
D:1:      dpeg_arrival_water_temple_mockup, layout_basic, st_stairs_12,
          minmay_misc_feat_tower
D:2:      layout_loops_corners, kennysheep_generic_room_13, uniq_terence,
          uniq_sigmund
D:3:      layout_rooms, shapermc_ecumenical_altar_notcrosses

Skill      XL: |  1  2  3  4 |
---------------+-------------+-----
Spellcasting   | 3 |  3.9
Stealth        | 5 6 |  6.2
Hexes          | 4 |  4.0
Fighting       | |  0.1
Short Blades   | |  1.4
Dodging        | |  2.9

Action                   |  1- 3 |  4- 6 || total
-------------------------+-------+-------++-------
Melee: Dagger            |   136 |    21 ||   157
 Cast: Corona            |     6 |       ||     6
       Ensorcelled Hiber |    46 |    14 ||    60
       Confusing Touch   |       |     2 ||     2
 Stab: Sleeping          |    28 |     4 ||    32
       Distracted        |     1 |       ||     1
Armor: Robe              |    11 |     2 ||    13
Dodge: Dodged            |   114 |    12 ||   126
